Map: Ascension to Aiur LE

Players

herO - Winner!

  • Race: Protoss Protoss
  • League: Master
  • Spawn Location: 11:00

INnoVation

  • Race: Terran Terran
  • Spawn Location: 5:00

VOD

Have the link to the VOD?

Description

Time

  • Played on: July 28, 2017, 11:24 p.m.
  • Length: 12:10
Show
View Real Time Build Order
Export as new Build Order

herO Protoss - Winner!

Build Orders: 1 Gate Expand, Double Forge, Oracle Opening, Colossus Rush 

Get SALT Encoding   

  12  0:00  Probe (Chrono Boost)  
  13  0:11  Probe (Chrono Boost)  
  14  0:18  Pylon  
  14  0:22  Probe (Chrono Boost)  
  15  0:36  Probe (Chrono Boost), Gateway  
  16  0:43  Assimilator  
  16  0:47  Probe (Chrono Boost)  
  17  0:57  Probe (Chrono Boost)  
  18  1:08  Probe (Chrono Boost)  
  19  1:18  Nexus  
  19  1:22  Probe (Chrono Boost)  
  20  1:32  Cybernetics Core  
  20  1:35  Probe (Chrono Boost)  
  21  1:40  Assimilator  
  21  1:46  Probe (Chrono Boost)  
  22  1:50  Pylon  
  22  1:56  Probe (Chrono Boost)  
  25  2:08  Adept  
  25  2:09  Mothership Core (Chrono Boost), Warp Gate  
  27  2:27  Probe (Chrono Boost)  
  28  2:30  Probe (Chrono Boost)  
  28  2:35  Adept  
  31  2:37  Probe (Chrono Boost)  
  31  2:41  Probe (Chrono Boost), Stargate  
  33  2:48  Probe (Chrono Boost)  
  35  2:51  Probe (Chrono Boost)  
  35  2:58  Probe (Chrono Boost)  
  35  3:02  Probe (Chrono Boost), Adept  
  35  3:03  Gateway  
  39  3:09  Probe (Chrono Boost)  
  39  3:12  Probe (Chrono Boost)  
  41  3:18  Pylon  
  41  3:21  Robotics Facility  
  41  3:22  Probe (Chrono Boost)  
  41  3:24  Probe (Chrono Boost)  
  43  3:33  Oracle (Chrono Boost)  
  46  3:35  Probe  
  46  3:36  Probe  
  46  3:37  Assimilator  
  48  3:41  Assimilator  
  48  3:45  Probe  
  48  3:47  Pylon  
  49  3:48  Probe  
  50  3:57  Probe  
  50  4:00  Probe  
  52  4:05  Oracle (Chrono Boost)  
  52  4:09  Forge, Probe  
  55  4:10  Forge  
  55  4:12  Probe  
  57  4:20  Probe  
  58  4:25  Probe, Robotics Bay  
  59  4:31  Warp Prism (Chrono Boost)  
  59  4:36  Pylon  
  61  4:48  Protoss Ground Armor Level 1 (Chrono Boost)  
  61  4:51  Gateway  
  61  4:53  Gateway  
  61  4:56  Adept  
  63  5:00  Probe x2  
  63  5:02  Observer  
  63  5:03  Pylon  
  63  5:04  Protoss Ground Weapons Level 1 (Chrono Boost)  
  66  5:14  Zealot  
  68  5:15  Colossus  
  74  5:29  Extended Thermal Lance (Chrono Boost)  
  74  5:35  Gateway  
  74  5:39  Sentry  
  78  5:46  Pylon  
  78  5:48  Nexus  
  78  5:49  Pylon  
  76  5:54  Sentry  
  76  5:56  Pylon  
  78  5:58  Pylon  
  78  6:02  Colossus  
  78  6:04  Probe x2  
  86  6:11  Zealot  
  86  6:12  Zealot  
  90  6:22  Zealot, Twilight Council  
  92  6:29  Pylon  
  92  6:38  Zealot, Stalker x2  
  92  6:39  Probe  
  100  6:40  Probe  
  100  6:51  Probe  
  100  6:52  Zealot x2, Probe  
  105  6:55  Colossus  
  105  6:58  Blink (Chrono Boost)  
  111  7:03  Probe  
  111  7:04  Probe x2  
  111  7:07  Pylon  
  114  7:13  Probe  
  115  7:16  Probe x2  
  115  7:17  Assimilator  
  117  7:23  Pylon  
  117  7:24  Protoss Ground Weapons Level 2 (Chrono Boost)  
  117  7:28  Probe  
  117  7:29  Probe x2  
  119  7:32  Protoss Ground Armor Level 2 (Chrono Boost)  
  119  7:40  Probe  
  119  7:41  Pylon, Probe x2  
  119  7:43  Sentry  
  119  7:44  Zealot x2  
  128  7:50  Assimilator  
  128  7:51  Pylon  
  128  7:53  Immortal  
  128  7:57  Probe x2  
  128  7:58  Probe  
  135  8:22  Stalker x5  
  142  8:27  Gateway  
  142  8:28  Gateway  
  142  8:31  Gateway  
  142  8:32  Immortal  
  146  8:35  Pylon x2  
  146  8:42  Charge  
  146  8:49  Zealot x3, Sentry, Stalker  
  156  9:01  Pylon  
  154  9:08  Pylon  
  154  9:11  Stalker x3  
  154  9:13  Stalker x2  
  158  9:17  Immortal  
  162  9:35  Stalker x4  
  170  9:38  Stalker x3  
  163  9:51  Stalker  
  153  9:59  Stalker x4  
  161  10:04  Stalker  
  161  10:05  Stalker x2  
  155  10:24  Stalker x5  
  165  10:28  Stalker x3  
  171  10:38  Immortal  
  171  10:41  Pylon  
Show
View Real Time Build Order
Export as new Build Order

INnoVation Terran 

Build Orders: Command Center First (CC), MMM Bio 

Get SALT Encoding   

  12  0:00  SCV  
  13  0:12  SCV  
  14  0:17  Supply Depot  
  14  0:24  SCV  
  15  0:38  SCV  
  16  0:50  SCV  
  17  0:59  Command Center  
  17  1:02  SCV  
  18  1:12  Barracks  
  18  1:15  SCV  
  19  1:27  SCV  
  19  1:29  Barracks  
  21  1:40  SCV  
  21  1:43  Barracks  
  21  1:52  SCV  
  22  1:59  Marine  
  23  2:04  Orbital Command  
  23  2:10  Orbital Command  
  23  2:17  Marine x2  
  25  2:26  Refinery  
  25  2:27  Refinery  
  26  2:30  SCV  
  26  2:36  SCV  
  26  2:37  Marine x3  
  27  2:42  SCV  
  31  2:45  Supply Depot  
  31  2:48  SCV  
  32  2:54  SCV  
  32  2:55  Marine x2  
  32  2:58  Barracks Tech Lab  
  35  3:00  SCV  
  36  3:06  SCV  
  36  3:08  Supply Depot  
  36  3:12  SCV  
  38  3:16  Stimpack, Marine x3  
  38  3:18  SCV  
  42  3:24  SCV  
  43  3:29  Supply Depot  
  43  3:30  SCV  
  44  3:34  Factory  
  44  3:35  Marine x3  
  44  3:39  Engineering Bay  
  47  3:41  SCV  
  47  3:42  SCV  
  47  3:47  Refinery  
  49  3:53  Marine x3  
  52  3:55  SCV  
  52  3:56  SCV  
  52  3:58  Supply Depot  
  54  4:06  Bunker  
  54  4:07  Terran Infantry Weapons Level 1  
  54  4:08  SCV x2  
  56  4:12  Marine x3  
  57  4:20  Starport  
  57  4:21  Factory Reactor  
  56  4:25  SCV x2  
  57  4:32  Barracks Reactor, Barracks Tech Lab  
  57  4:34  Marauder  
  57  4:37  SCV x2  
  59  4:48  Missile Turret  
  59  4:49  SCV x2, Missile Turret  
  63  4:53  Marauder  
  63  4:55  Marauder  
  63  4:57  Supply Depot  
  63  4:58  Supply Depot  
  65  5:02  SCV x2  
  67  5:07  Medivac  
  67  5:13  Marine, Factory Reactor  
  70  5:14  Combat Shields  
  70  5:18  Marine  
  70  5:20  Marauder x2  
  75  5:23  SCV x2  
  75  5:26  Supply Depot  
  77  5:35  SCV x2, Refinery  
  79  5:37  Marine x2  
  79  5:41  Marauder x2  
  83  5:45  Medivac  
  83  5:47  SCV  
  83  5:48  SCV, Medivac  
  89  5:52  Supply Depot  
  89  6:01  SCV  
  89  6:02  Terran Infantry Armor Level 1, SCV  
  89  6:14  SCV x2  
  89  6:19  Command Center  
  89  6:21  Viking  
  89  6:22  Viking  
  93  6:26  SCV x2  
  95  6:41  Barracks x2  
  95  6:42  SCV  
  95  6:43  SCV  
  97  6:48  Supply Depot  
  97  6:51  Marauder x2  
  97  6:52  Liberator x2, Marine  
  102  7:05  Supply Depot  
  102  7:10  SCV x2  
  102  7:11  Starport, Factory Reactor  
  102  7:15  Supply Depot  
  110  7:19  Concussive Shells  
  110  7:26  Marine x2  
  110  7:27  Marauder x2, SCV x2  
  118  7:30  Supply Depot  
  118  7:34  Barracks Tech Lab  
  118  7:39  SCV x2  
  118  7:40  Liberator x2  
  120  7:47  Marine x2, Refinery  
  120  7:48  Marauder x2  
  120  7:49  Refinery  
  126  7:52  Liberator  
  126  7:58  Liberator  
  132  7:59  Orbital Command  
  132  8:12  Missile Turret  
  135  8:14  Marine x4  
  141  8:21  SCV  
  141  8:22  SCV  
  141  8:26  Liberator x2  
  139  8:30  Marauder x3  
  139  8:32  Marine x4  
  149  8:36  Supply Depot  
  149  8:37  Supply Depot  
  149  8:38  SCV, Supply Depot  
  150  8:46  Liberator x2  
  156  8:49  Marine  
  156  8:54  Supply Depot  
  157  8:57  Marine x3  
  157  8:58  Marauder x2  
  157  8:59  Marauder  
  157  9:00  Supply Depot  
  166  9:05  SCV x3  
  169  9:17  SCV x3  
  169  9:22  Engineering Bay, Armory  
  169  9:23  Supply Depot  
  171  9:26  Liberator x2  
  170  9:36  Liberator x2  
  134  9:54  Marauder  
  134  9:55  Marauder x2  
  134  9:56  Marine x4  
  134  10:20  Marauder x3  
  134  10:21  Marine x4  
  123  10:25  Medivac  
  123  10:26  Medivac  
  130  10:42  Marauder x3  
  136  10:43  Marine x4  
  136  10:49  Medivac x2  
Tags
 
Add a new tag
Caveats
  • Supply blocks, unpowered buildings, or Contaminate may cause inaccurate times.
  • Supply counts are checked every 10 seconds.